 Dungeon Crawl Stone Soup version 0.18-a0-1390-gc02854d (webtiles) character file.

153 Ratboiler the Skirmisher (level 5, -6/51 HPs)
             Began as a Naga Wanderer on Feb 22, 2016.
             Mangled by an orc
             ... wielding a +0 war axe
              (8 damage)
             ... on level 2 of the Dungeon.
             The game lasted 00:10:10 (2861 turns).

Ratboiler the Skirmisher (Naga Wanderer)            Turns: 2861, Time: 00:10:10

Health: -6/51      AC:  6    Str: 17    XL:     5   Next: 35%
Magic:  5/5        EV:  8    Int: 12    God:
Gold:   135        SH:  0    Dex:  9    Spells: 0 memorised, 4 levels left

rFire  . . .     SeeInvis +     o - -3 short sword (curse)
rCold  . . .     Gourm    .     j - +0 ring mail
rNeg   . . .     Faith    .     (no shield)
rPois  +         Spirit   .     (no helmet)
rElec  .         Dismiss  .     (no cloak)
rCorr  .         Reflect  .     r - +0 pair of gloves
SustAt .         Harm     .     (no barding)
MR     .....                    (no amulet)
Stlth  +.........               (no ring)
                                q - ring of stealth

@: slowed, very slow, not resistant to hostile enchantments, very unstealthy
A: see invisible, deformed body, poison resistance, slowness 2, slow metabolism
1, spit poison 2, AC +1
a: Spit Poison


You were on level 2 of the Dungeon.
You were not hungry.

You visited 1 branch of the dungeon, and saw 3 of its levels.

You collected 135 gold pieces.

Inventory:

Hand Weapons
 a - a +0 mace
 b - a +2 blowgun
 i - a +4 short sword
 o - a cursed -3 short sword (weapon)
Missiles
 c - 4 curare-tipped needles
 h - a javelin (quivered)
 s - 9 poisoned needles
Armour
 e - a +0 robe
 j - a +0 ring mail (worn)
 r - a +0 pair of gloves (worn)
Jewellery
 l - an uncursed amulet of faith
 q - a ring of stealth (left hand)
Potions
 d - a potion of curing
 k - 3 potions of agility {unknown}
 m - a potion of lignification {unknown}
 n - a potion of heal wounds {unknown}
Comestibles
 f - 3 bread rations
 g - a meat ration
 p - a chunk of flesh


   Skills:
 * Level 4.8 Fighting
 - Level 3.0 Maces & Flails
 - Level 1.0 Throwing
 - Level 4.1 Armour
   Level 1.0 Evocations


You had 4 spell levels left.
You didn't know any spells.

Dungeon Overview and Level Annotations

Branches:
Dungeon (3/15)

Altars:
Nemelex Xobeh
Ru
Zin

Annotations:
D:2 Terence


Innate Abilities, Weirdness & Mutations

You cannot wear boots.
Your serpentine skin is tough (AC +1).
You have supernaturally acute eyesight.
Armour fits poorly on your strangely shaped body.
Your system is resistant to poisons.
You cover ground very slowly.
You have a slow metabolism.
You can spit poison.


Message History

There is a stone staircase leading up here.
The giant cockroach bites you.
* * * LOW HITPOINT WARNING * * *
The orc hits you with a war axe!
* * * LOW HITPOINT WARNING * * *
Terence hits you but does no damage.
The giant cockroach bites you but does no damage.
The orc completely misses you. Terence hits you with a flail.
* * * LOW HITPOINT WARNING * * *
You climb upwards.
There is a stone staircase leading down here.
You aren't carrying or standing over any spellbooks.
The giant cockroach bites you but does no damage.
The orc completely misses you.
The giant cockroach bites you but does no damage.
Terence misses you. The orc hits you but does no damage.
The giant cockroach bites you but does no damage.
The orc hits you with a war axe!
You die...

#......##....##
#......'#....##
########.....(##....##
#.............########
#............## #
#............# #
#..........(.# #
#.....@......# #
#....@s>.....# #
#.....o....#.# #
#####...(....#
#........# ###
#........# #..
#.......## #..
#........# #..
###...#.#.# #..
#.......#.### ###


You could see Terence, an orc and a giant cockroach.

Vanquished Creatures
  Jessica (D:2)
  Natasha (twice) (D:3)
  An adder (D:2)
  A dart slug (D:1)
  A giant gecko (D:1)
  A ball python (D:2)
  6 bats
  2 giant cockroaches
  9 goblins
  4 hobgoblins (D:2)
  15 jackals
  A quokka (D:3)
  7 giant newts
  5 kobolds
  7 rats
63 creatures vanquished.

Notes
Turn   | Place    | Note
--------------------------------------------------------------
     0 | D:1      | Ratboiler the Naga Wanderer began the quest for the Orb.
     0 | D:1      | Ratboiler set off with: 4 curare-tipped needles, a +2 blowgun, a +0 mace, a potion of curing, a +0 robe, a bread ration
     0 | D:1      | Reached XP level 1. HP: 15/15 MP: 1/1
    85 | D:1      | Reached skill level 1 in Fighting
   122 | D:1      | Reached XP level 2. HP: 9/25 MP: 2/2
  1105 | D:1      | Reached XP level 3. HP: 33/33 MP: 3/3
  1934 | D:2      | Found a sparkling altar of Nemelex Xobeh.
  2102 | D:2      | Found a glowing silver altar of Zin.
  2147 | D:2      | Noticed Jessica
  2160 | D:2      | Killed Jessica
  2160 | D:2      | Reached XP level 4. HP: 41/44 MP: 4/4
  2674 | D:3      | Noticed Natasha
  2680 | D:3      | Killed Natasha
  2680 | D:3      | Reached XP level 5. HP: 39/51 MP: 5/5
  2761 | D:3      | Found a sacrificial altar of Ru.
  2836 | D:3      | Noticed Natasha
  2846 | D:3      | Noticed Terence
  2846 | D:3      | Killed Natasha
  2858 | D:3      | HP: 1/51 [Terence/flail (3)]
  2861 | D:2      | Mangled by an orc

Vault maps used:
D:1:      minmay_arrival_checkered_box
D:2:      nicolae_overflow_hidden_temple, nemelex_diamond_rough_becter,
          uniq_jessica
D:3:      nicolae_ru_awakened_eye, uniq_terence, uniq_natasha

Skill      XL: |  1  2  3  4 |
---------------+-------------+-----
Fighting       | 1 2 3 4 |  4.8
Maces & Flails | |  3.0
Throwing       | |  1.0
Armour         | |  4.1
Evocations     | |  1.0

Action                   |  1- 3 |  4- 6 || total
-------------------------+-------+-------++-------
Melee: Mace              |    23 |       ||    23
       Short sword       |    95 |    81 ||   176
 Fire: Blowgun           |     2 |       ||     2
Throw: Javelin           |    30 |    10 ||    40
 Abil: Spit Poison       |    20 |    11 ||    31
  Use: Scroll            |     3 |       ||     3
 Stab: Sleeping          |     1 |       ||     1
  Eat: Chunk             |     4 |     1 ||     5
       Beef jerky        |       |     1 ||     1
